 Dungeon Crawl Stone Soup version 0.23-a0-517-gb7c078159a (webtiles) character file.

478 LLavrengius the Shield-Bearer (level 7, -1/46 HPs)
             Began as an Octopode Fighter on Dec 6, 2018.
             Slain by a slave (3 damage)
             ... led by Pikel
             ... on level 4 of the Dungeon.
             The game lasted 00:12:42 (3163 turns).

LLavrengius the Shield-Bearer (Octopode Fighter)    Turns: 3163, Time: 00:12:43

Health: -1/46      AC:  3    Str: 15    XL:     7   Next: 11%
Magic:  7/7        EV: 12    Int: 12    God:
Gold:   200        SH:  9    Dex: 12    Spells: 6/6 levels left

rFire    . . .     SeeInvis .   a - +0 long sword
rCold    . . .     Gourm    .   b - +0 shield
rNeg     . . .     Faith    .   h - +2 hat
rPois    .         Spirit   .   (no amulet)
rElec    .         Reflect  .   (no ring)
rCorr    .         Harm     .   (no ring)
MR       .....                  (no ring)
Stlth    ++........             (no ring)
HPRegen  0.15/turn              (no ring)
MPRegen  0.10/turn              (no ring)
                                (no ring)
                                (no ring)

@: no status effects
A: almost no armour, stealthy swim, amphibious, 8 rings, constrict 8, camouflage
1, gelatinous body 1
a: no special abilities


You were on level 4 of the Dungeon.
You were hungry.

You visited 1 branch of the dungeon, and saw 4 of its levels.
You also visited: Sewer.

You collected 200 gold pieces.

Inventory:

Hand Weapons
 a - a +0 long sword (weapon)
 j - a +0 dagger of venom
Missiles
 i - 147 stones (quivered)
 s - 20 sling bullets
Armour
 b - a +0 shield (worn)
 h - a +2 hat (worn)
Scrolls
 c - 2 scrolls of teleportation {unknown}
 e - 5 scrolls of identify
 k - a scroll of fear {unknown}
 m - a scroll of remove curse {unknown}
 n - a scroll of magic mapping {unknown}
 r - a scroll of random uselessness {unknown}
Potions
 g - a potion of berserk rage {unknown}
 l - 2 potions of mutation {unknown}
 p - a potion of lignification {unknown}
 q - a potion of degeneration {unknown}
Comestibles
 d - 6 rations
 o - 2 chunks of flesh


   Skills:
 - Level 3.0 Fighting
 + Level 5.4 Long Blades
 - Level 3.0 Dodging
 + Level 5.9 Shields


You had 6 spell levels left.
You didn't know any spells.
Your spell library was empty.

Dungeon Overview and Level Annotations

Branches:
Dungeon (4/15)
 Temple: D:4-7

Altars:
Ashenzari
Elyvilon
Fedhas
Hepliaklqana
Uskayaw
Wu Jian
Yredelemnul

Portals:
Ossuary: D:4

Annotations:
D:4 Pikel


Innate Abilities, Weirdness & Mutations

You cannot wear most types of armour.
You are very stealthy in the water. (Stealth+)
You are amphibious.
You can wear up to eight rings at the same time.
You can use your tentacles to constrict eight enemies at once.
Your skin changes colour to match your surroundings (Stealth+).
Your rubbery body absorbs attacks. (AC +1, EV +1)


Message History

* * * LOW HITPOINT WARNING * * *
The slave barely misses you. The slave misses you.
You riposte.
You hit the slave. Your grab misses the slave.
The slave is severely wounded.
You block the slave's attack. The slave hits you!
* * * LOW HITPOINT WARNING * * *
Pikel barely misses you.
You riposte.
You hit Pikel.
Pikel is moderately wounded.
The slave barely misses you. x2; You riposte.
You slash the slave! Your grab misses the slave. Your squeeze misses the slave.
The slave is almost dead.
You hit Pikel.
Pikel is heavily wounded.
You constrict Pikel. You constrict the slave.
You kill the slave!
That felt strangely unrewarding.
You block the slave's attack. Pikel barely misses you. The slave hits you.
* * * LOW HITPOINT WARNING * * *
The slave hits you.
You die...

..### ....# #.#. #..#
#.#.#.# #..# ##
#.#.#.# #..# .#
#<#.#.# #..######.###
#.#.#.####..##.......#
#.#.#........#.#.....#
#(#.#..........p@p...#
#.#.#..........pK∩...#
...<...............#.#
...................# #
...##........#.......
.............#####...#
.[............. ..##
......#..####### .##
...####..#


You could see Pikel and 3 slaves.

Vanquished Creatures
  Purgy (D:3)
  A slave (D:4)
  A crocodile (Sewer)
  A bullfrog skeleton (D:4)
  2 orc wizards (D:4)
  A gnoll shaman (D:4)
  A worker ant (D:4)
  3 gnolls (D:4)
  7 adders
  A dart slug (D:1)
  A worm (D:2)
  4 leopard geckos
  5 orcs
  11 bats
  8 giant cockroaches
  8 goblins
  7 hobgoblins
  11 kobolds
  3 quokkas
  A ball python (D:1)
  6 frilled lizards
  2 rats
86 creatures vanquished.

Notes
Turn   | Place    | Note
-------+----------+-------------------------------------------
     0 | D:1      | LLavrengius the Octopode Fighter began the quest for the
                  | Orb.
     0 | D:1      | Reached XP level 1. HP: 16/16 MP: 1/1
   364 | D:1      | Reached XP level 2. HP: 21/21 MP: 2/2
   774 | D:1      | Reached XP level 3. HP: 26/26 MP: 3/3
  1024 | D:2      | Found a hide-covered altar of Uskayaw.
  1180 | D:2      | Reached XP level 4. HP: 28/31 MP: 4/4
  1556 | D:2      | Found a basalt altar of Yredelemnul.
  1965 | D:2      | Found a white marble altar of Elyvilon.
  2140 | D:3      | Reached XP level 5. HP: 36/36 MP: 5/5
  2159 | D:3      | Noticed Purgy
  2176 | D:3      | HP: 1/36 [Purgy (2)]
  2177 | D:3      | Killed Purgy
  2706 | D:4      | Reached skill level 5 in Shields
  2706 | D:4      | Reached XP level 6. HP: 40/42 MP: 6/6
  2772 | D:4      | Found a glowing drain.
  2777 | Sewer    | Entered a sewer
  2834 | Sewer    | Reached skill level 5 in Long Blades
  2959 | D:4      | Found a shattered altar of Ashenzari.
  2983 | D:4      | Reached XP level 7. HP: 30/46 MP: 7/7
  3076 | D:4      | Found a hazy altar of Hepliaklqana.
  3079 | D:4      | Found an ornate altar of the Wu Jian Council.
  3082 | D:4      | Found a blossoming altar of Fedhas.
  3148 | D:4      | Found a sand-covered staircase.
  3150 | D:4      | Noticed Pikel
  3162 | D:4      | HP: 2/46 [slave[Pikel] (10)]
  3163 | D:4      | Slain by a slave

Vault maps used:
D:1:      lemuel_arrival_muddy
D:2:      kennysheep_ying_yang, eat_drink_and_be_merry_uskayaw
D:3:      st_stairs_1, minmay_liquid_box, uniq_purgy
D:4:      grunt_temple_overflow_diamond, old_standard_altar,
          nicolae_ossuary_entry_ruins, gup_sewer_entry_pipe, uniq_pikel
Sewer:    kennysheep_door_sewer

Skill      XL: |  1  2  3  4  5  6 |
---------------+-------------------+-----
Long Blades    | 3 4 5 |  5.4
Shields        | 4 5 |  5.9
Fighting       | |  3.0
Dodging        | |  3.0

Action                   |  1- 3 |  4- 6 |  7- 9 || total
-------------------------+-------+-------+-------++-------
Melee: Long sword        |    57 |   133 |    20 ||   210
       Constrict         |    20 |    25 |     4 ||    49
       Tentacles         |     8 |    29 |     2 ||    39
  Use: Potion            |       |     3 |     2 ||     5
       Scroll            |       |     1 |       ||     1
 Stab: Sleeping          |     6 |    11 |       ||    17
  Eat: Chunk             |     1 |     6 |       ||     7
Armor: Skin              |    10 |    26 |     2 ||    38
Dodge: Dodged            |    24 |    72 |    15 ||   111
Block: Shield            |    20 |    68 |    15 ||   103
       Rpst.: Long sword |     9 |    28 |     5 ||    42

Table legend:
 A = Non-vault XP
 B = Vault XP
 C = Vault XP percentage of total XP
 D = Non-vault monster count
 E = Vault monster count
 F = Vault count percentage of total count
                 A         B        C        D         E       F
            +---------+---------+-------+---------+---------+-------
      Total |     417 |     266 |  38.9 |      70 |      15 |  17.6
            +---------+---------+-------+---------+---------+-------
        D:1 |      43 |       0 |   0.0 |      24 |       0 |   0.0
        D:2 |      66 |       0 |   0.0 |      18 |       0 |   0.0
        D:3 |      54 |     138 |  71.9 |      15 |       3 |  16.7
        D:4 |     254 |      15 |   5.6 |      13 |       6 |  31.6
      Sewer |       0 |     113 | 100.0 |       0 |       6 | 100.0
            +---------+---------+-------+---------+---------+-------
